 Dungeon Crawl Stone Soup version 0.28-a0-247-gb8bfbab023 (webtiles) character file.

Game seed: 15551482647991770076

247 voltaire321 the Stinger (level 6, -2/52 HPs)
             Began as a Naga Venom Mage on Aug 25, 2021.
             Slain by a mummy (11 damage)
             ... on level 4 of the Dungeon.
             The game lasted 00:12:49 (2620 turns).

voltaire321 the Stinger (Naga Venom Mage)           Turns: 2620, Time: 00:12:50

Health: -2/52      AC:  5    Str: 10    XL:     6   Next: 11%
Magic:  10/10      EV: 10    Int: 18    God:
Gold:   106        SH:  0    Dex: 11    Spells: 7/10 levels left

rFire   . . .      SeeInvis +   c - +0 short sword
rCold   + . .      Faith    .   (no shield)
rNeg    . . .      Spirit   .   o - +1 robe {rC+}
rPois   +          Reflect  .   (no helmet)
rElec   .          Harm     .   (no cloak)
rCorr   .          Rampage  .   e - +0 pair of gloves
Will    .....                   (no barding)
Stlth   +++.......              (no amulet)
HPRegen 0.17/turn               (no ring)
MPRegen 0.12/turn               (no ring)

@: very slow
A: AC +2, large, see invisible, deformed body, poison resistance, slowness 2,
spit poison 1, naga tail 1
a: Spit Poison


You were on level 4 of the Dungeon.
You visited 1 branch of the dungeon, and saw 4 of its levels.

You collected 106 gold pieces.

Inventory:

Hand Weapons
 c - a +0 short sword (weapon)
Armour
 a - a +0 robe
 e - a +0 pair of gloves (worn)
 m - a +0 buckler
 o - a +1 robe of cold resistance (worn)
Magical Staves
 j - a staff of air
Scrolls
 d - a scroll of noise
Potions
 b - a potion of curing {unknown}
 f - a potion of berserk rage {unknown}
 g - a potion of resistance {unknown}
 h - a potion of mutation {unknown}
 i - a potion of invisibility {unknown}
 k - a potion of degeneration {unknown}
 l - a potion of lignification
 n - a potion of cancellation {unknown}
 p - a potion of flight {unknown}


   Skills:
 + Level 2.0 Fighting
 + Level 2.4 Dodging
 + Level 4.6 Stealth
 + Level 1.1 Shields
 + Level 2.7 Spellcasting
 + Level 2.3 Transmutations
 + Level 5.0 Poison Magic


You had 7 spell levels left.
You knew the following spells:

 Your Spells              Type           Power      Damage    Failure   Level
a - Sting                 Tmut/Pois      60%        1d6       3%          1
b - Poisonous Vapours     Pois/Air       22%        N/A       9%          2

Your spell library contained the following spells:

 Spells                   Type           Power      Damage    Failure   Level
 Olgreb's Toxic Radiance  Pois           20%        N/A       22%         4
 Mephitic Cloud           Conj/Pois/Air  8%         N/A       26%         3


Dungeon Overview and Level Annotations

Branches:
Dungeon (3/15)

Altars:
Wu Jian

Shops:
D:1 *

Portals:
Ossuary: D:4


Innate Abilities, Weirdness & Mutations

Your serpentine skin is tough. (AC +2)
You have supernaturally acute eyesight. (SInv)
Armour fits poorly on your strangely shaped body.
Your system is resistant to poisons. (rPois)
You cover ground very slowly.
You can spit poison.
You have a snake-like lower body.


Message History

Your experience leads to an increase in your attributes!
Increase (S)trength, (I)ntelligence, or (D)exterity?
You feel clever.
Your skin feels tougher.
You start resting.
You hear the hiss of a distant avalanche of sand.
You start resting.
Your transformation is almost over.
You start resting.
You feel less wooden.
Your +0 pair of gloves unmelds from your body.
Your +1 robe of cold resistance unmelds from your body.
You feel resistant to cold.
You now have 106 gold pieces (gained 13).
You open the door.
Found a smoky yellow potion.
There is an open door here.
You enter the shallow water.
Moving in this stuff is going to be slow.
p - a smoky yellow potion You open the door.
There is an open door here.
You hear the brisk hiss of an avalanche of sand very nearby.
You open the door. 2 yaks come into view.
The yak bellows! x2
A yak comes into view.
The yak moves out of view.
The yak bellows!
Found 20 stones.
Found a stone staircase leading down.
You open the door.
A mummy comes into view.
The yak barely misses you.
Found a glowing trident.
Found a sand-covered staircase.
There is an open door here.
The mummy closely misses you. The yak completely misses you.
You see here a +4 trident.
The mummy hits you!
* * * LOW HITPOINT WARNING * * *
The mummy hits you!
You die...

......########.##
#####
#######..######
#...............
#.####.#..#####.
#.##..# #.###..#
#.#.##..#
#.#..##..#
#.'.M@##.#
#......#)Y## .#
######.#.## #.###
#.# #.# #.. ##


You could see a yak and a mummy.

Vanquished Creatures
  Blork the orc (D:4)
  2 hounds (D:4)
  Natasha (D:4)
  Terence (D:2)
  An adder (D:4)
  2 dart slugs (D:1)
  4 orcs (D:4)
  4 bats
  6 endoplasms (D:1)
  4 giant cockroaches (D:1)
  3 goblins
  7 hobgoblins
  A quokka (D:1)
  7 ball pythons
  2 frilled lizards
  6 kobolds (D:1)
  3 rats
55 creatures vanquished.

Notes
Turn   | Place    | Note
-------+----------+-------------------------------------------
     0 | D:1      | voltaire321 the Naga Venom Mage began the quest for the
                  | Orb.
     0 | D:1      | Reached XP level 1. HP: 15/15 MP: 3/3
   170 | D:1      | Reached XP level 2. HP: 2/22 MP: 1/5
   492 | D:1      | Learned a level 2 spell: Poisonous Vapours
   552 | D:1      | Found Miogif's Assorted Antiques.
   667 | D:1      | Reached XP level 3. HP: 29/30 MP: 1/6
   823 | D:1      | Reached skill level 1 in Fighting
  1834 | D:2      | Found a faded altar of an unknown god.
  1995 | D:2      | Noticed Terence
  2005 | D:2      | Killed Terence
  2006 | D:2      | Reached XP level 4. HP: 15/38 MP: 0/7
  2389 | D:3      | Found an ornate altar of the Wu Jian Council.
  2394 | D:3      | You fall into a shaft and drop 1 floor!
  2457 | D:4      | Reached XP level 5. HP: 33/44 MP: 4/8
  2473 | D:4      | Noticed Blork the orc
  2482 | D:4      | Killed Blork the orc
  2500 | D:4      | Noticed Natasha
  2511 | D:4      | Killed Natasha
  2512 | D:4      | Reached skill level 1 in Shields
  2544 | D:4      | HP: 2/45 [hound (2)]
  2551 | D:4      | Reached skill level 5 in Poison Magic
  2551 | D:4      | Reached XP level 6. HP: 5/52 MP: 0/10
  2601 | D:4      | Noticed a yak
  2601 | D:4      | Noticed a yak
  2601 | D:4      | Noticed a yak
  2616 | D:4      | Found a sand-covered staircase.
  2620 | D:4      | Slain by a mummy

Illustrated notes

Levels and vault maps discovered:
D:1:      dpeg_arrival_more_subterranean_lakeside_camping, layout_basic,
          serial_shops, nicolae_shop_trees, minmay_tromino_mix6
D:2:      layout_basic, hellmonk_ecumenical_altar_run_dry, kennysheep_donut,
          eino_tiny_chamber, uniq_terence
D:3:      layout_basic, nzn_wu_jian_contemplation, hex_intersection,
          bh_walls_and_bars, uniq_sigmund
D:4:      layout_basic, gup_ossuary_entry_pyramid, kennysheep_generic_room_13,
          uniq_grinder, uniq_natasha, uniq_duvessa, uniq_ijyb,
          uniq_blork_the_orc

Skill      XL: |  1  2  3  4  5 |
---------------+----------------+-----
Fighting       | 1 2 |  2.0
Dodging        | 2 |  2.4
Stealth        | 4 |  4.6
Transmutations | 2 |  2.3
Shields        | 1 |  1.1
Poison Magic   | 5 |  5.0
Spellcasting   | |  2.7

Action                   |  1- 3 |  4- 6 || total
-------------------------+-------+-------++-------
Melee: Short sword       |    30 |    25 ||    55
       Unarmed           |     1 |       ||     1
 Cast: Sting             |    64 |    22 ||    86
 Abil: Spit Poison       |     1 |     4 ||     5
  Use: Scroll            |       |     4 ||     4
       Potion            |       |     1 ||     1
Armor: Robe              |    10 |    13 ||    23
       Skin              |       |     8 ||     8
Dodge: Dodged            |    29 |    22 ||    51

Table legend: (Time is in decaauts)
 A = Elapsed time spent in this place.
 B = Non-inter-level travel time spent in this place.
 C = Inter-level travel time spent in this place.
 D = Time resting spent in this place.
 E = Time spent auto-exploring this place.
 F = Levels seen in this place.
 G = Mean time per level.
                   A        B        C        D        E       F      G
               +--------+--------+--------+--------+--------+-----+--------+
         Total |   3150 |   3122 |     28 |   1040 |   1026 |   4 |  787.5 |
       Dungeon |   3150 |   3122 |     28 |   1040 |   1026 |   4 |  787.5 |
               +--------+--------+--------+--------+--------+-----+--------+

Top non-repeatable levels by time:
     D:1: 1717 daAuts
     D:2: 1110 daAuts
     D:4: 281 daAuts
     D:3: 41 daAuts
